[ AOE2 MATCH · #489686556 ]
UnrankedIncas vs Magyars
[ REPLAY ANALYSIS · EXTRACTED FROM THE RECORDED GAME ]
Feudal
9:47
Castle
—
Imperial
—
| APM avg | 35.9 |
| APM peak | 93 |
| eAPM avg | 15.6 |
| Villagers / military | 46 / 5 |
Focus
⚔️ 43.6% · 🌾 56.4%
Unknown (2550) ×8 · Spearman ×5
Feudal
9:09
Castle
—
Imperial
—
| APM avg | 62.1 |
| APM peak | 94 |
| eAPM avg | 21.8 |
| Villagers / military | 44 / 9 |
Focus
⚔️ 32.5% · 🌾 67.5%
Scout Cavalry ×9
Feudal
9:38
Castle
—
Imperial
—
| APM avg | 32.5 |
| APM peak | 66 |
| eAPM avg | 12.6 |
| Villagers / military | 38 / 11 |
Focus
⚔️ 28.1% · 🌾 71.9%
Scout Cavalry ×8 · Militia ×2 · Spearman ×1
Feudal
7:53
Castle
—
Imperial
—
| APM avg | 63.9 |
| APM peak | 104 |
| eAPM avg | 15.0 |
| Villagers / military | 46 / 15 |
Focus
⚔️ 34.2% · 🌾 65.8%
Skirmisher ×11 · Scout Cavalry ×4
Feudal
9:50
Castle
—
Imperial
—
| APM avg | 36.9 |
| APM peak | 66 |
| eAPM avg | 19.5 |
| Villagers / military | 41 / 27 |
Focus
⚔️ 32.1% · 🌾 67.9%
Archer ×18 · Spearman ×5 · Militia ×2 · Skirmisher ×2
Feudal
10:44
Castle
15:14
Imperial
—
| APM avg | 28.2 |
| APM peak | 72 |
| eAPM avg | 17.6 |
| Villagers / military | 44 / 3 |
Focus
⚔️ 15.6% · 🌾 84.4%
Ballista Elephant ×3
Feudal
10:24
Castle
—
Imperial
—
| APM avg | 87.2 |
| APM peak | 123 |
| eAPM avg | 41.4 |
| Villagers / military | 55 / 30 |
Focus
⚔️ 28.6% · 🌾 71.4%
Archer ×30
Feudal
10:44
Castle
—
Imperial
—
| APM avg | 34.9 |
| APM peak | 74 |
| eAPM avg | 13.5 |
| Villagers / military | 39 / 9 |
Focus
⚔️ 22.7% · 🌾 77.3%
Scout Cavalry ×5 · Fishing Ship ×4 · Spearman ×3 · Transport Ship ×1
Match map
Initial resources + every placement click. Lines = walls · curves = elevation contours. ◆ gold · ⬟ stone · ● berries · ✦ relic · ◌ wall gap
Your base· ✓ Map-separated
FinalScout's base· ✓ Map-separated
lsebas666's base· ✓ Map-separated
lilofduque's base· ✓ Map-separated
elpanditm's base· ✓ Map-separated
gabaleage's base· ✓ Map-separated
Nur's base· ✓ Map-separated
edukratos23's base· ✓ Map-separated
Smoothed initial terrain · ◌ = detected wall gap · hover for details
Inputs per minute
— Dadagama - - FinalScout
Build order — Dadagama
97 actions detected in the replay
| 0:00 | Create | Villager (Male) |
| 0:01 | Create | Villager (Male) |
| 0:01 | Create | Villager (Male) |
| 0:01 | Create | Villager (Male) |
| 0:03 | Build | House |
| 0:04 | Build | House |
| 1:47 | Create | Villager (Male) |
| 1:47 | Create | Villager (Male) |
| 2:11 | Create | Villager (Male) |
| 2:11 | Create | Villager (Male) |
| 2:11 | Create | Villager (Male) |
| 2:38 | Build | Settlement |
| 2:43 | Create | Villager (Male) |
| 2:43 | Create | Villager (Male) |
| 3:04 | Create | Villager (Male) |
| 3:05 | Create | Villager (Male) |
| 3:38 | Create | Villager (Male) |
| 3:38 | Create | Villager (Male) |
| 4:12 | Create | Villager (Male) |
| 4:12 | Create | Villager (Male) |
| 4:52 | Create | Villager (Male) |
| 5:15 | Create | Villager (Male) |
| 5:38 | Build | Settlement |
| 5:43 | Create | Villager (Male) |
| 6:08 | Create | Villager (Male) |
| 6:08 | Create | Villager (Male) |
| 7:10 | Research | Loom |
| 7:26 | Research | Feudal Age |
| 7:26 | Research | Feudal Age |
| 7:48 | Create | Villager (Male) |
| 8:30 | Create | Villager (Male) |
| 8:31 | Create | Villager (Male) |
| 9:00 | Build | Barracks |
| 9:47 | Age | Feudal Age |
| 9:58 | Create | Unit 2550 |
| 9:58 | Create | Unit 2550 |
| 10:06 | Build | Watch Tower |
| 10:12 | Build | House |
| 10:14 | Create | Villager (Male) |
| 10:45 | Build | House |
| 10:50 | Build | Palisade Wall |
| 11:09 | Build | Palisade Gate |
| 11:12 | Create | Villager (Male) |
| 11:12 | Create | Villager (Male) |
| 11:32 | Create | Villager (Male) |
| 11:33 | Create | Villager (Male) |
| 11:55 | Create | Spearman |
| 12:12 | Create | Villager (Male) |
| 12:13 | Create | Villager (Male) |
| 12:34 | Create | Villager (Male) |
| 12:34 | Create | Villager (Male) |
| 12:43 | Build | Farm |
| 12:45 | Build | Farm |
| 12:50 | Create | Spearman |
| 13:18 | Build | Blacksmith |
| 13:26 | Build | Palisade Wall |
| 13:32 | Research | Double-Bit Axe |
| 13:41 | Build | Farm |
| 14:02 | Create | Unit 2550 |
| 14:02 | Create | Spearman |
| 14:08 | Research | Forging |
| 14:17 | Build | Farm |
| 14:23 | Build | Farm |
| 15:01 | Build | Settlement |
| 15:06 | Create | Villager (Male) |
| 15:06 | Create | Villager (Male) |
| 15:47 | Research | Tech 1402 |
| 15:49 | Research | Scale Mail Armor |
| 15:59 | Create | Spearman |
| 15:59 | Create | Unit 2550 |
| 16:02 | Create | Spearman |
| 16:02 | Create | Unit 2550 |
| 16:04 | Create | Villager (Male) |
| 16:04 | Create | Villager (Male) |
| 16:08 | Build | Farm |
| 16:10 | Build | Farm |
| 16:14 | Build | Farm |
| 16:17 | Build | Farm |
| 16:42 | Create | Villager (Male) |
| 16:42 | Create | Villager (Male) |
| 16:45 | Build | Farm |
| 16:55 | Build | Farm |
| 16:58 | Build | Farm |
| 17:01 | Build | Farm |
| 17:05 | Create | Villager (Male) |
| 18:02 | Create | Unit 2550 |
| 18:02 | Create | Villager (Male) |
| 18:02 | Create | Villager (Male) |
| 18:10 | Build | Farm |
| 18:13 | Build | Farm |
| 18:17 | Build | Farm |
| 19:03 | Create | Villager (Male) |
| 19:03 | Create | Villager (Male) |
| 19:03 | Create | Villager (Male) |
| 19:08 | Research | Arson |
| 19:09 | Create | Unit 2550 |
| 19:09 | Create | Unit 2550 |
Build order — FinalScout
90 actions detected in the replay
| 0:01 | Create | Villager (Male) |
| 0:01 | Create | Villager (Male) |
| 0:01 | Create | Villager (Male) |
| 0:02 | Create | Villager (Male) |
| 0:02 | Create | Villager (Male) |
| 1:29 | Create | Villager (Male) |
| 1:29 | Create | Villager (Male) |
| 2:18 | Create | Villager (Male) |
| 2:23 | Build | Lumber Camp |
| 2:24 | Create | Villager (Male) |
| 2:24 | Create | Villager (Male) |
| 3:12 | Create | Villager (Male) |
| 3:12 | Create | Villager (Male) |
| 3:13 | Create | Villager (Male) |
| 3:34 | Create | Villager (Male) |
| 3:34 | Create | Villager (Male) |
| 4:24 | Create | Villager (Male) |
| 4:25 | Create | Villager (Male) |
| 4:35 | Create | Villager (Male) |
| 4:35 | Create | Villager (Male) |
| 5:29 | Create | Villager (Male) |
| 5:29 | Create | Villager (Male) |
| 6:03 | Research | Loom |
| 6:23 | Build | Mill |
| 6:59 | Research | Feudal Age |
| 6:59 | Research | Feudal Age |
| 7:39 | Build | Lumber Camp |
| 8:19 | Build | Barracks |
| 8:24 | Create | Villager (Male) |
| 8:24 | Create | Villager (Male) |
| 9:09 | Age | Feudal Age |
| 9:21 | Build | Stable |
| 9:24 | Build | Palisade Wall |
| 9:25 | Build | Palisade Wall |
| 9:35 | Build | Palisade Wall |
| 9:50 | Create | Villager (Male) |
| 10:05 | Create | Scout Cavalry |
| 10:05 | Create | Scout Cavalry |
| 10:18 | Create | Villager (Male) |
| 10:19 | Create | Villager (Male) |
| 10:19 | Create | Villager (Male) |
| 10:40 | Create | Villager (Male) |
| 10:40 | Create | Villager (Male) |
| 10:52 | Create | Scout Cavalry |
| 10:52 | Create | Scout Cavalry |
| 11:15 | Research | Double-Bit Axe |
| 11:38 | Build | Blacksmith |
| 12:03 | Create | Villager (Male) |
| 12:04 | Create | Villager (Male) |
| 12:11 | Create | Scout Cavalry |
| 12:11 | Create | Scout Cavalry |
| 12:20 | Create | Villager (Male) |
| 12:22 | Build | Farm |
| 12:23 | Build | Farm |
| 12:42 | Create | Villager (Male) |
| 12:46 | Build | Farm |
| 12:50 | Build | Farm |
| 12:57 | Create | Scout Cavalry |
| 13:05 | Build | Lumber Camp |
| 13:07 | Build | Farm |
| 13:09 | Build | Farm |
| 13:27 | Create | Villager (Male) |
| 13:32 | Build | Farm |
| 13:44 | Create | Scout Cavalry |
| 14:07 | Create | Villager (Male) |
| 14:13 | Build | Farm |
| 14:14 | Build | Farm |
| 14:23 | Create | Villager (Male) |
| 14:27 | Build | Farm |
| 14:29 | Build | Farm |
| 14:32 | Build | Mining Camp |
| 14:42 | Create | Scout Cavalry |
| 15:17 | Create | Villager (Male) |
| 15:33 | Create | Villager (Male) |
| 15:45 | Research | Horse Collar |
| 15:45 | Research | Horse Collar |
| 16:13 | Create | Villager (Male) |
| 16:20 | Build | Market |
| 16:28 | Build | Farm |
| 16:32 | Build | Farm |
| 16:34 | Build | Farm |
| 16:42 | Research | Wheelbarrow |
| 17:10 | Build | Archery Range |
| 17:26 | Build | Farm |
| 18:03 | Create | Villager (Male) |
| 18:04 | Create | Villager (Male) |
| 18:29 | Create | Villager (Male) |
| 18:29 | Create | Villager (Male) |
| 18:50 | Create | Villager (Male) |
| 19:10 | Research | Castle Age |
Build order — lsebas666
103 actions detected in the replay
| 0:01 | Create | Villager (Male) |
| 0:02 | Create | Villager (Male) |
| 0:02 | Create | Villager (Male) |
| 0:04 | Build | House |
| 0:06 | Build | House |
| 0:39 | Create | Villager (Male) |
| 0:39 | Create | Villager (Male) |
| 1:39 | Create | Villager (Male) |
| 1:40 | Create | Villager (Male) |
| 1:53 | Build | Lumber Camp |
| 2:04 | Create | Villager (Male) |
| 2:04 | Create | Villager (Male) |
| 2:04 | Create | Villager (Male) |
| 2:39 | Build | House |
| 2:47 | Create | Villager (Male) |
| 3:21 | Research | Loom |
| 3:23 | Create | Villager (Male) |
| 3:23 | Create | Villager (Male) |
| 3:23 | Create | Villager (Male) |
| 4:17 | Build | Mill |
| 4:20 | Create | Villager (Male) |
| 4:20 | Create | Villager (Male) |
| 4:52 | Create | Villager (Male) |
| 4:52 | Create | Villager (Male) |
| 5:39 | Build | House |
| 6:10 | Create | Villager (Male) |
| 6:33 | Create | Villager (Male) |
| 7:28 | Research | Feudal Age |
| 7:34 | Build | Barracks |
| 8:18 | Build | Lumber Camp |
| 8:27 | Build | House |
| 8:30 | Create | Militia |
| 8:30 | Create | Militia |
| 8:42 | Create | Villager (Male) |
| 9:38 | Age | Feudal Age |
| 9:53 | Create | Villager (Male) |
| 9:57 | Build | Stable |
| 10:05 | Create | Villager (Male) |
| 10:14 | Research | Double-Bit Axe |
| 10:18 | Research | Horse Collar |
| 10:35 | Create | Villager (Male) |
| 10:45 | Build | House |
| 10:53 | Create | Scout Cavalry |
| 10:53 | Create | Scout Cavalry |
| 11:15 | Create | Villager (Male) |
| 11:16 | Create | Villager (Male) |
| 11:27 | Build | Lumber Camp |
| 11:49 | Build | Palisade Wall |
| 11:54 | Create | Villager (Male) |
| 12:13 | Create | Scout Cavalry |
| 12:13 | Create | Scout Cavalry |
| 12:18 | Build | House |
| 12:22 | Build | House |
| 12:24 | Build | House |
| 12:40 | Build | Palisade Wall |
| 12:46 | Build | Palisade Wall |
| 12:50 | Create | Villager (Male) |
| 12:51 | Create | Villager (Male) |
| 13:21 | Create | Spearman |
| 13:26 | Build | Palisade Wall |
| 13:30 | Create | Villager (Male) |
| 13:59 | Create | Villager (Male) |
| 14:13 | Build | House |
| 14:37 | Create | Scout Cavalry |
| 14:38 | Create | Scout Cavalry |
| 14:42 | Build | Farm |
| 14:42 | Build | Farm |
| 14:42 | Build | Farm |
| 14:43 | Build | Farm |
| 14:43 | Build | Farm |
| 14:43 | Build | Farm |
| 14:51 | Build | Watch Tower |
| 14:55 | Build | Mining Camp |
| 15:05 | Build | Palisade Wall |
| 15:16 | Build | House |
| 15:20 | Build | Palisade Gate |
| 15:32 | Build | House |
| 15:53 | Build | House |
| 15:58 | Create | Scout Cavalry |
| 15:58 | Create | Scout Cavalry |
| 16:07 | Build | Mining Camp |
| 16:15 | Build | Lumber Camp |
| 16:25 | Build | Palisade Wall |
| 16:34 | Build | Farm |
| 16:37 | Build | Farm |
| 16:45 | Build | Market |
| 16:49 | Build | Blacksmith |
| 17:09 | Create | Villager (Male) |
| 17:09 | Create | Villager (Male) |
| 17:09 | Create | Villager (Male) |
| 17:26 | Build | Palisade Wall |
| 17:27 | Build | Palisade Wall |
| 17:28 | Build | Palisade Wall |
| 17:38 | Build | House |
| 17:41 | Build | House |
| 17:44 | Build | Palisade Wall |
| 17:53 | Create | Villager (Male) |
| 17:56 | Build | Farm |
| 17:57 | Create | Villager (Male) |
| 18:12 | Create | Villager (Male) |
| 18:13 | Create | Villager (Male) |
| 18:29 | Build | Palisade Gate |
| 18:32 | Build | Palisade Wall |
Build order — lilofduque
109 actions detected in the replay
| 0:01 | Create | Villager (Male) |
| 0:01 | Create | Villager (Male) |
| 0:02 | Create | Villager (Male) |
| 0:04 | Build | House |
| 0:05 | Build | House |
| 1:10 | Create | Villager (Male) |
| 1:10 | Create | Villager (Male) |
| 1:36 | Build | Lumber Camp |
| 1:43 | Create | Villager (Male) |
| 1:43 | Create | Villager (Male) |
| 1:55 | Create | Villager (Male) |
| 1:55 | Create | Villager (Male) |
| 2:42 | Create | Villager (Male) |
| 2:56 | Create | Villager (Male) |
| 3:15 | Create | Villager (Male) |
| 3:50 | Create | Villager (Male) |
| 3:54 | Build | House |
| 3:56 | Build | House |
| 4:41 | Create | Villager (Male) |
| 4:47 | Build | Mill |
| 5:08 | Research | Loom |
| 5:43 | Research | Feudal Age |
| 5:43 | Research | Feudal Age |
| 6:15 | Build | Barracks |
| 7:06 | Create | Villager (Male) |
| 7:38 | Create | Villager (Male) |
| 7:53 | Age | Feudal Age |
| 7:56 | Build | Stable |
| 8:04 | Research | Double-Bit Axe |
| 8:06 | Research | Horse Collar |
| 8:22 | Create | Villager (Male) |
| 8:43 | Create | Scout Cavalry |
| 8:49 | Build | Farm |
| 9:01 | Build | House |
| 9:03 | Build | Palisade Wall |
| 9:06 | Create | Villager (Male) |
| 9:20 | Create | Scout Cavalry |
| 9:39 | Create | Villager (Male) |
| 9:39 | Create | Villager (Male) |
| 9:44 | Build | Farm |
| 9:53 | Build | Farm |
| 9:58 | Build | Farm |
| 10:03 | Create | Villager (Male) |
| 10:16 | Create | Villager (Male) |
| 10:26 | Create | Villager (Male) |
| 10:36 | Create | Villager (Male) |
| 10:41 | Create | Villager (Male) |
| 10:52 | Create | Scout Cavalry |
| 10:57 | Build | Archery Range |
| 11:02 | Create | Villager (Male) |
| 11:05 | Build | Farm |
| 11:18 | Create | Scout Cavalry |
| 11:28 | Build | Farm |
| 11:37 | Create | Villager (Male) |
| 12:05 | Create | Villager (Male) |
| 12:10 | Create | Skirmisher |
| 12:10 | Create | Skirmisher |
| 12:24 | Create | Villager (Male) |
| 12:37 | Build | House |
| 12:48 | Create | Villager (Male) |
| 13:00 | Create | Villager (Male) |
| 13:04 | Build | Lumber Camp |
| 13:09 | Create | Skirmisher |
| 13:09 | Create | Villager (Male) |
| 13:29 | Build | Blacksmith |
| 13:33 | Build | House |
| 13:40 | Create | Skirmisher |
| 13:41 | Create | Villager (Male) |
| 14:01 | Build | House |
| 14:24 | Create | Villager (Male) |
| 14:27 | Research | Fletching |
| 14:44 | Create | Skirmisher |
| 14:50 | Build | Farm |
| 15:00 | Create | Villager (Male) |
| 15:04 | Create | Skirmisher |
| 15:15 | Create | Skirmisher |
| 15:22 | Create | Villager (Male) |
| 15:37 | Build | House |
| 15:38 | Create | Villager (Male) |
| 15:40 | Build | Farm |
| 15:40 | Build | Farm |
| 15:41 | Build | Farm |
| 15:41 | Build | Farm |
| 15:41 | Build | Farm |
| 15:41 | Build | Farm |
| 16:10 | Build | Watch Tower |
| 16:19 | Build | Mining Camp |
| 16:31 | Create | Skirmisher |
| 16:31 | Create | Villager (Male) |
| 16:37 | Build | House |
| 16:38 | Build | House |
| 16:51 | Research | Padded Archer Armor |
| 17:08 | Create | Villager (Male) |
| 17:10 | Create | Villager (Male) |
| 17:25 | Create | Villager (Male) |
| 17:41 | Create | Villager (Male) |
| 17:51 | Create | Skirmisher |
| 17:52 | Create | Skirmisher |
| 18:02 | Create | Villager (Male) |
| 18:14 | Create | Villager (Male) |
| 18:22 | Create | Skirmisher |
| 18:42 | Create | Villager (Male) |
| 18:51 | Create | Villager (Male) |
| 18:53 | Build | Mill |
| 18:54 | Build | Farm |
| 18:54 | Build | Farm |
| 18:54 | Build | Farm |
| 18:54 | Build | Farm |
| 18:55 | Build | Farm |
Build order — elpanditm
98 actions detected in the replay
| 0:01 | Create | Villager (Male) ×4 |
| 0:03 | Build | House |
| 0:05 | Build | House |
| 1:30 | Create | Villager (Male) |
| 1:31 | Create | Villager (Male) |
| 2:00 | Create | Villager (Male) |
| 2:00 | Create | Villager (Male) |
| 2:18 | Create | Villager (Male) |
| 2:18 | Create | Villager (Male) |
| 2:45 | Create | Villager (Male) |
| 2:46 | Create | Villager (Male) |
| 3:22 | Create | Villager (Male) |
| 3:23 | Create | Villager (Male) |
| 3:23 | Create | Villager (Male) |
| 3:41 | Create | Villager (Male) |
| 4:23 | Research | Loom |
| 4:27 | Create | Villager (Male) |
| 4:27 | Create | Villager (Male) |
| 4:28 | Create | Villager (Male) |
| 4:38 | Create | Villager (Male) |
| 4:44 | Build | Lumber Camp |
| 5:09 | Build | House |
| 5:37 | Create | Villager (Male) |
| 5:55 | Build | House |
| 6:00 | Create | Villager (Male) |
| 6:14 | Build | Mill |
| 6:33 | Create | Villager (Male) |
| 7:25 | Research | Feudal Age |
| 8:06 | Build | Barracks |
| 8:47 | Build | House |
| 9:26 | Create | Militia |
| 9:26 | Create | Militia |
| 9:50 | Age | Feudal Age |
| 9:55 | Build | Archery Range |
| 9:59 | Create | Spearman |
| 9:59 | Create | Spearman |
| 10:02 | Create | Villager (Male) |
| 10:06 | Create | Villager (Male) |
| 10:21 | Build | House |
| 10:23 | Build | Palisade Wall |
| 10:26 | Build | Palisade Wall |
| 10:48 | Create | Villager (Male) |
| 10:57 | Create | Villager (Male) |
| 11:05 | Research | Double-Bit Axe |
| 11:10 | Create | Spearman |
| 11:17 | Build | Mining Camp |
| 11:18 | Create | Villager (Male) |
| 11:28 | Create | Villager (Male) |
| 11:30 | Create | Archer |
| 11:41 | Build | House |
| 11:42 | Build | Palisade Wall |
| 11:51 | Build | Palisade Wall |
| 12:06 | Create | Villager (Male) |
| 12:08 | Create | Archer |
| 12:33 | Build | Palisade Wall |
| 12:40 | Create | Villager (Male) |
| 12:52 | Build | Archery Range |
| 12:55 | Create | Archer |
| 13:00 | Create | Villager (Male) |
| 13:06 | Build | Farm |
| 13:10 | Build | Farm |
| 13:17 | Build | House |
| 13:22 | Create | Archer |
| 13:24 | Create | Villager (Male) |
| 13:43 | Create | Villager (Male) |
| 13:45 | Create | Archer |
| 13:46 | Create | Archer |
| 14:09 | Build | Farm |
| 14:10 | Create | Villager (Male) |
| 14:12 | Create | Archer |
| 14:12 | Create | Archer |
| 14:32 | Create | Villager (Male) |
| 14:43 | Build | Watch Tower |
| 14:48 | Build | Watch Tower |
| 14:56 | Create | Villager (Male) |
| 15:07 | Create | Villager (Male) |
| 15:26 | Create | Archer |
| 15:26 | Create | Archer |
| 15:26 | Create | Archer |
| 15:36 | Build | House |
| 16:00 | Build | Blacksmith |
| 16:05 | Create | Archer |
| 16:05 | Create | Archer |
| 16:08 | Create | Villager (Male) |
| 16:15 | Create | Villager (Male) |
| 16:21 | Create | Archer |
| 16:44 | Build | Lumber Camp |
| 16:51 | Research | Fletching |
| 16:53 | Create | Villager (Male) |
| 17:10 | Build | House |
| 17:27 | Create | Archer |
| 17:27 | Create | Archer |
| 17:47 | Create | Archer |
| 17:47 | Create | Skirmisher |
| 17:47 | Create | Archer |
| 17:47 | Create | Skirmisher |
| 17:51 | Create | Spearman |
| 17:52 | Create | Spearman |
Build order — gabaleage
81 actions detected in the replay
| 0:02 | Create | Villager (Male) |
| 0:02 | Create | Villager (Male) |
| 0:02 | Create | Villager (Male) |
| 0:04 | Build | House |
| 0:05 | Build | House |
| 0:46 | Create | Villager (Male) |
| 0:46 | Create | Villager (Male) |
| 1:30 | Create | Villager (Male) |
| 1:30 | Create | Villager (Male) |
| 1:49 | Build | Lumber Camp |
| 2:10 | Create | Villager (Male) |
| 2:10 | Create | Villager (Male) |
| 2:24 | Create | Villager (Male) |
| 2:24 | Create | Villager (Male) |
| 2:24 | Create | Villager (Male) |
| 2:51 | Create | Villager (Male) |
| 2:51 | Create | Villager (Male) |
| 3:11 | Create | Villager (Male) |
| 3:11 | Create | Villager (Male) |
| 3:30 | Build | House |
| 3:47 | Create | Villager (Male) |
| 3:47 | Create | Villager (Male) |
| 3:47 | Create | Villager (Male) |
| 4:03 | Create | Villager (Male) |
| 4:03 | Create | Villager (Male) |
| 4:03 | Create | Villager (Male) |
| 4:07 | Build | House |
| 4:16 | Build | Mill |
| 4:37 | Create | Villager (Male) |
| 4:37 | Create | Villager (Male) |
| 4:59 | Create | Villager (Male) |
| 4:59 | Create | Villager (Male) |
| 5:00 | Create | Villager (Male) |
| 5:25 | Create | Villager (Male) |
| 5:26 | Create | Villager (Male) |
| 5:26 | Create | Villager (Male) |
| 6:10 | Create | Villager (Male) |
| 6:11 | Create | Villager (Male) |
| 6:11 | Create | Villager (Male) |
| 6:44 | Build | Mill |
| 7:06 | Build | Mining Camp |
| 7:28 | Create | Villager (Male) |
| 7:28 | Create | Villager (Male) |
| 7:56 | Build | Palisade Wall |
| 8:34 | Research | Feudal Age |
| 9:03 | Create | Villager (Male) |
| 9:03 | Create | Villager (Male) |
| 10:01 | Build | Palisade Wall |
| 10:04 | Build | Palisade Wall |
| 10:06 | Build | Palisade Wall |
| 10:44 | Age | Feudal Age |
| 10:51 | Build | Farm |
| 10:54 | Build | Farm |
| 10:57 | Build | Farm |
| 11:00 | Build | Farm |
| 11:21 | Build | Mining Camp |
| 12:15 | Build | Palisade Wall |
| 12:22 | Build | Palisade Wall |
| 12:34 | Research | Castle Age |
| 13:10 | Research | Double-Bit Axe |
| 13:13 | Research | Horse Collar |
| 13:53 | Build | House |
| 13:54 | Build | House |
| 14:24 | Build | Palisade Wall |
| 14:56 | Build | Palisade Wall |
| 15:06 | Build | House |
| 15:14 | Age | Castle Age |
| 15:21 | Build | Castle |
| 15:26 | Create | Villager (Male) |
| 15:27 | Create | Villager (Male) |
| 15:45 | Create | Villager (Male) |
| 16:04 | Create | Villager (Male) |
| 16:11 | Build | Lumber Camp |
| 16:16 | Create | Ballista Elephant |
| 16:16 | Create | Ballista Elephant |
| 16:19 | Create | Villager (Male) |
| 16:22 | Build | Farm |
| 16:57 | Build | Farm |
| 17:02 | Create | Ballista Elephant |
| 17:34 | Create | Villager (Male) |
| 18:07 | Create | Villager (Male) |
Build order — Nur
110 actions detected in the replay
| 0:00 | Create | Villager (Male) ×4 |
| 0:01 | Create | Villager (Male) ×4 |
| 0:02 | Build | House |
| 0:04 | Build | House |
| 0:05 | Build | House |
| 0:24 | Research | Loom |
| 0:24 | Create | Villager (Male) ×3 |
| 0:25 | Create | Villager (Male) ×3 |
| 1:38 | Create | Villager (Male) |
| 1:38 | Create | Villager (Male) |
| 1:52 | Build | Lumber Camp |
| 2:07 | Build | Lumber Camp |
| 2:32 | Create | Villager (Male) ×2 |
| 3:26 | Create | Villager (Male) ×2 |
| 3:41 | Create | Villager (Male) |
| 3:41 | Create | Villager (Male) |
| 4:08 | Create | Villager (Male) |
| 4:08 | Create | Villager (Male) |
| 5:10 | Create | Villager (Male) |
| 5:10 | Create | Villager (Male) |
| 5:12 | Create | Villager (Male) |
| 5:12 | Create | Villager (Male) |
| 5:24 | Create | Villager (Male) |
| 5:48 | Create | Villager (Male) |
| 6:16 | Build | House |
| 6:46 | Create | Villager (Male) ×4 |
| 6:50 | Build | House |
| 6:52 | Build | House |
| 6:57 | Create | Villager (Male) |
| 6:58 | Create | Villager (Male) |
| 7:18 | Create | Villager (Male) |
| 7:27 | Build | Mill |
| 7:49 | Create | Villager (Male) |
| 8:14 | Research | Feudal Age |
| 8:14 | Research | Feudal Age |
| 8:22 | Build | Palisade Gate |
| 8:43 | Build | Mining Camp |
| 8:55 | Build | Mining Camp |
| 9:07 | Build | Barracks |
| 9:25 | Build | Palisade Wall |
| 10:24 | Age | Feudal Age |
| 10:25 | Build | Archery Range |
| 10:40 | Create | Villager (Male) |
| 10:40 | Create | Villager (Male) |
| 10:46 | Research | Horse Collar |
| 10:47 | Research | Horse Collar |
| 11:06 | Build | Palisade Wall |
| 11:16 | Create | Villager (Male) |
| 11:37 | Create | Archer |
| 11:37 | Create | Archer |
| 11:38 | Create | Archer |
| 11:55 | Build | Lumber Camp |
| 11:57 | Create | Villager (Male) |
| 11:57 | Create | Villager (Male) |
| 12:09 | Create | Archer |
| 12:15 | Create | Archer |
| 12:24 | Create | Archer |
| 12:24 | Create | Archer |
| 12:58 | Build | Farm |
| 13:00 | Build | Farm |
| 13:01 | Create | Villager (Male) |
| 13:01 | Create | Villager (Male) |
| 13:20 | Create | Villager (Male) |
| 13:21 | Create | Villager (Male) |
| 13:22 | Create | Archer ×4 |
| 13:22 | Create | Archer ×4 |
| 13:35 | Build | Farm |
| 13:39 | Build | Farm |
| 13:41 | Create | Archer |
| 13:44 | Build | House |
| 13:50 | Build | House |
| 13:52 | Build | House |
| 14:02 | Create | Archer |
| 14:30 | Create | Archer |
| 14:39 | Create | Archer |
| 14:41 | Build | Farm |
| 14:47 | Create | Villager (Male) |
| 14:48 | Build | Farm |
| 14:57 | Create | Archer |
| 15:14 | Build | Blacksmith |
| 15:17 | Create | Archer |
| 15:47 | Create | Archer |
| 15:55 | Build | Farm |
| 15:56 | Create | Villager (Male) |
| 15:56 | Create | Villager (Male) |
| 16:08 | Create | Archer |
| 16:08 | Create | Archer |
| 16:12 | Research | Fletching |
| 16:12 | Research | Padded Archer Armor |
| 16:22 | Create | Villager (Male) |
| 16:22 | Create | Villager (Male) |
| 16:24 | Build | Farm |
| 16:28 | Build | Farm |
| 16:35 | Build | Farm |
| 16:44 | Create | Archer |
| 16:55 | Create | Archer |
| 17:02 | Build | Farm |
| 17:04 | Create | Villager (Male) |
| 18:02 | Create | Archer |
| 18:02 | Create | Archer |
| 18:05 | Build | Farm |
| 18:08 | Build | Farm |
| 18:10 | Build | Farm |
| 18:11 | Create | Villager (Male) |
| 18:11 | Create | Villager (Male) |
| 18:49 | Create | Archer |
| 18:49 | Create | Archer |
| 19:12 | Build | Archery Range |
| 19:13 | Build | Archery Range |
| 19:28 | Build | Farm |
Build order — edukratos23
100 actions detected in the replay
| 0:04 | Create | Villager (Male) |
| 0:04 | Create | Villager (Male) |
| 0:04 | Create | Villager (Male) |
| 0:04 | Create | Villager (Male) |
| 0:05 | Create | Villager (Male) |
| 0:06 | Build | House |
| 0:10 | Build | House |
| 1:44 | Create | Villager (Male) |
| 1:44 | Create | Villager (Male) |
| 2:11 | Create | Villager (Male) |
| 2:44 | Build | Lumber Camp |
| 2:51 | Create | Villager (Male) |
| 2:52 | Create | Villager (Male) |
| 3:50 | Create | Villager (Male) |
| 3:50 | Create | Villager (Male) |
| 3:51 | Create | Villager (Male) |
| 3:51 | Create | Villager (Male) |
| 4:55 | Create | Villager (Male) |
| 5:06 | Build | House |
| 5:10 | Research | Loom |
| 5:34 | Create | Villager (Male) |
| 5:34 | Create | Villager (Male) |
| 6:08 | Build | Dock |
| 6:46 | Create | Villager (Male) |
| 7:02 | Create | Villager (Male) |
| 7:16 | Build | Mill |
| 7:22 | Create | Villager (Male) |
| 7:45 | Build | Mill |
| 7:54 | Build | House |
| 7:57 | Create | Villager (Male) |
| 8:18 | Create | Transport Ship |
| 8:30 | Research | Feudal Age |
| 9:43 | Create | Villager (Male) |
| 9:57 | Build | Lumber Camp |
| 10:08 | Create | Fishing Ship |
| 10:11 | Create | Villager (Male) |
| 10:14 | Build | House |
| 10:30 | Create | Villager (Male) |
| 10:44 | Age | Feudal Age |
| 11:16 | Create | Fishing Ship |
| 11:26 | Create | Villager (Male) |
| 11:38 | Build | Mining Camp |
| 12:04 | Research | Town Watch |
| 12:09 | Create | Villager (Male) |
| 12:56 | Build | Barracks |
| 13:02 | Create | Villager (Male) |
| 13:02 | Create | Villager (Male) |
| 13:06 | Create | Fishing Ship |
| 13:14 | Build | House |
| 13:15 | Build | House |
| 13:20 | Research | Wheelbarrow |
| 13:25 | Research | Double-Bit Axe |
| 13:27 | Create | Villager (Male) |
| 13:34 | Build | House |
| 13:36 | Build | House |
| 13:38 | Build | House |
| 13:39 | Build | House |
| 13:40 | Build | House |
| 13:44 | Create | Villager (Male) |
| 14:08 | Create | Spearman |
| 14:08 | Create | Spearman |
| 14:19 | Create | Spearman |
| 14:19 | Create | Villager (Male) |
| 14:51 | Create | Villager (Male) |
| 15:05 | Build | Farm |
| 15:06 | Build | Farm |
| 15:06 | Build | Farm |
| 15:07 | Build | Farm |
| 15:12 | Research | Horse Collar |
| 15:14 | Create | Villager (Male) |
| 15:26 | Build | Farm |
| 15:27 | Build | Farm |
| 15:30 | Create | Villager (Male) |
| 16:06 | Build | Market |
| 16:20 | Build | House |
| 16:22 | Build | House |
| 16:24 | Build | Stable |
| 16:27 | Create | Villager (Male) |
| 16:39 | Create | Villager (Male) |
| 16:53 | Build | Farm |
| 16:54 | Build | Farm |
| 16:55 | Build | Farm |
| 17:02 | Build | Lumber Camp |
| 17:07 | Create | Fishing Ship |
| 17:14 | Create | Villager (Male) |
| 17:28 | Research | Bloodlines |
| 17:32 | Create | Scout Cavalry |
| 17:33 | Create | Scout Cavalry |
| 17:34 | Create | Scout Cavalry |
| 17:35 | Create | Scout Cavalry |
| 17:37 | Create | Scout Cavalry |
| 18:27 | Create | Villager (Male) |
| 18:51 | Create | Villager (Male) |
| 18:56 | Build | House |
| 18:58 | Build | House |
| 19:00 | Build | House |
| 19:02 | Build | House |
| 19:03 | Build | House |
| 19:14 | Build | Farm |
| 19:16 | Build | Farm |
Match timeline
| 6:08 | edukratos23 · first_building Dock |
| 6:15 | lilofduque · first_building Barracks |
| 7:34 | lsebas666 · first_building Barracks |
| 7:53 | lilofduque · age_up feudal |
| 7:56 | gabaleage · wall_segment Palisade Wall x5 |
| 7:56 | lilofduque · first_building Stable |
| 8:06 | elpanditm · first_building Barracks |
| 8:19 | FinalScout · first_building Barracks |
| 9:00 | Dadagama · first_building Barracks |
| 9:03 | lilofduque · wall_segment Palisade Wall x1 |
| 9:07 | Nur · first_building Barracks |
| 9:09 | FinalScout · age_up feudal |
| 9:21 | FinalScout · first_building Stable |
| 9:24 | FinalScout · wall_segment Palisade Wall x1 |
| 9:25 | Nur · wall_segment Palisade Wall x1 |
| 9:25 | FinalScout · wall_segment Palisade Wall x1 |
| 9:35 | FinalScout · wall_segment Palisade Wall x2 |
| 9:38 | lsebas666 · age_up feudal |
| 9:47 | Dadagama · age_up feudal |
| 9:50 | elpanditm · age_up feudal |
| 9:55 | elpanditm · first_building Archery Range |
| 9:57 | lsebas666 · first_building Stable |
| 10:01 | gabaleage · wall_segment Palisade Wall x1 |
| 10:04 | gabaleage · wall_segment Palisade Wall x1 |
| 10:06 | gabaleage · wall_segment Palisade Wall x1 |
| 10:23 | elpanditm · wall_segment Palisade Wall x1 |
| 10:24 | Nur · age_up feudal |
| 10:25 | Nur · first_building Archery Range |
| 10:26 | elpanditm · wall_segment Palisade Wall x1 |
| 10:44 | edukratos23 · age_up feudal |
| 10:44 | gabaleage · age_up feudal |
| 10:50 | Dadagama · wall_segment Palisade Wall x1 |
| 10:57 | lilofduque · first_building Archery Range |
| 11:06 | Nur · wall_segment Palisade Wall x2 |
| 11:42 | elpanditm · wall_segment Palisade Wall x4 |
| 11:49 | lsebas666 · wall_segment Palisade Wall x5 |
| 11:51 | elpanditm · wall_segment Palisade Wall x1 |
| 12:15 | gabaleage · wall_segment Palisade Wall x1 |
| 12:22 | gabaleage · wall_segment Palisade Wall x1 |
| 12:33 | elpanditm · wall_segment Palisade Wall x1 |
| 12:40 | lsebas666 · wall_segment Palisade Wall x5 |
| 12:46 | lsebas666 · wall_segment Palisade Wall x7 |
| 12:56 | edukratos23 · first_building Barracks |
| 13:26 | lsebas666 · wall_segment Palisade Wall x8 |
| 13:26 | Dadagama · wall_segment Palisade Wall x1 |
| 14:24 | gabaleage · wall_segment Palisade Wall x1 |
| 14:56 | gabaleage · wall_segment Palisade Wall x2 |
| 15:05 | lsebas666 · wall_segment Palisade Wall x2 |
| 15:14 | gabaleage · age_up castle |
| 15:21 | gabaleage · first_building Castle |
| 16:24 | edukratos23 · first_building Stable |
| 16:25 | lsebas666 · wall_segment Palisade Wall x1 |
| 17:10 | FinalScout · first_building Archery Range |
| 17:26 | lsebas666 · wall_segment Palisade Wall x1 |
| 17:27 | lsebas666 · wall_segment Palisade Wall x1 |
| 17:28 | lsebas666 · wall_segment Palisade Wall x1 |
| 17:30 | FinalScout · first_market_sell 100 wood |
| 17:31 | FinalScout · first_market_buy 100 food |
| 17:44 | lsebas666 · wall_segment Palisade Wall x1 |
| 18:32 | lsebas666 · wall_segment Palisade Wall x1 |
| 18:41 | elpanditm · resign |
[ AI ANALYSIS · 1 CREDIT ]
What really happened in this match?
Wolo.gg analyzes every decision: build order, eco, micro, common mistakes by bracket. Personalized analysis on WhatsApp or Discord in 30 seconds.
Civ guide
Incas
Perfil
Jugador #11526726